 Dungeon Crawl Stone Soup version 0.31-a0-155-gb63f529262 (webtiles) character file.

Game seed: 1845394508137134048

14428 Essalna the Zephyrmancer (level 12, -1/75 HPs)
             Began as a Tengu Air Elementalist on June 12, 2023.
             Was a Priest of Vehumet.
             Slain by a killer bee (2 damage)
             ... on level 2 of the Lair of Beasts.
             The game lasted 00:37:09 (16229 turns).

Essalna the Zephyrmancer (Tengu Air Elementalist)  Turns: 16229, Time: 00:37:09

Health: -1/75      AC:  8    Str: 23    XL:     12   Next: 16%
Magic:  6/25       EV: 17    Int: 23    God:    Vehumet [***...]
Gold:   1078       SH:  6    Dex: 14    Spells: 3/15 levels left

rFire   . . .        H - +7 war axe "Bingo" {flame, Str+5 Stlth+}
rCold   . . .        A - +1 buckler
rNeg    . . .        k - +3 leather armour
rPois   +            (helmet restricted)
rElec   +            (no cloak)
rCorr   .            n - +0 pair of gloves
SInv    .            (boots unavailable)
Will    .....        z - amulet of Cheibriados, Wizarding {rElec Regen+ MP+9 Str+8 Int-3}
Stlth   +++          d - ring of poison resistance
HPRegen 1.12/turn    s - +6 ring of intelligence
MPRegen 0.19/turn

%: no passive effects
@: about to teleport, flying quickly and evasively, quick
A: beak, talons 3, nimble flight
a: Renounce Religion


You were on level 2 of the Lair of Beasts.
You worshipped Vehumet.
Vehumet was most pleased with you.
You visited 3 branches of the dungeon, and saw 13 of its levels.
You also visited: Bailey.

You collected 1078 gold pieces.

Inventory:

Hand Weapons
 H - the +7 war axe "Bingo" (weapon) {flame, Str+5 Stlth+}
   (You found it on level 1 of the Lair of Beasts)

   Str:       It affects your strength (+5).
   Stlth:     It makes you more stealthy.
Missiles
 j - 3 throwing nets
Armour
 a - a +0 robe
 k - a +3 leather armour (worn)
 n - a +0 pair of gloves (worn)
 w - +0 steam dragon scales
 A - a +1 buckler (worn)
Jewellery
 d - a ring of poison resistance (left hand)
 g - a ring of see invisible
 s - a +6 ring of intelligence (right hand)
 t - a ring of resist corrosion
 x - an amulet of reflection
 z - the amulet of Cheibriados, Wizarding (around neck) {rElec Regen+ MP+9 Str+8 Int-3}
   (You took it off a gnoll bouda in a bailey)

   [amulet of regeneration]

   Str:       It affects your strength (+8).
   Int:       It affects your intelligence (-3).
   rElec:     It insulates you from electricity.
   MP:        It affects your magic capacity (+9).
   Regen:     It increases your rate of health regeneration.
 I - an amulet of faith
Wands
 b - a wand of iceblast (6)
 u - a wand of paralysis (20)
 C - a wand of acid (7)
 G - a wand of mindburst (11)
Scrolls
 c - 4 scrolls of enchant weapon
 h - 2 scrolls of teleportation
 m - 3 scrolls of fog
 p - a scroll of blinking
 q - 5 scrolls of identify
 r - a scroll of amnesia
 y - a scroll of enchant armour
 E - a scroll of summoning {unknown}
 F - a scroll of torment {unknown}
Potions
 e - 5 potions of curing
 f - a potion of lignification {unknown}
 i - 5 potions of brilliance
 l - 2 potions of cancellation
 o - a potion of haste {unknown}
 v - a potion of attraction {unknown}
 B - 4 potions of resistance
Miscellaneous
 D - a phantom mirror


   Skills:
 + Level 8.6 Fighting
 - Level 6.0 Armour
 - Level 7.0 Dodging
 - Level 2.0 Stealth
 - Level 4.0 Shields
 - Level 2.0 Spellcasting
 + Level 11.3 Conjurations
 - Level 5.0 Ice Magic
 + Level 11.9 Air Magic
 + Level 6.1 Poison Magic


You had 3 spell levels left.
You knew the following spells:

 Your Spells              Type           Power      Damage    Failure   Level
a - Shock                 Conj/Air       100%       1d9       1%          1
b - Static Discharge      Conj/Air       100%       2-7/arc   1%          2
c - Freezing Cloud        Conj/Ice/Air   22%        6-21      2%          5
d - Olgreb's Toxic Radia  Pois           30%        N/A       4%          4

Your spell library contained the following spells:

 Spells                   Type           Power      Damage    Failure   Level
 Sticky Flame             Conj/Fire      28%        2d5       4%          4
 Poisonous Vapours        Pois/Air       86%        N/A       1%          2
 Mephitic Cloud           Conj/Pois/Air  47%        N/A       1%          3
 Swiftness                Air            54%        N/A       1%          3
 Sting                    Tmut/Pois      64%        1d6       4%          1
 Airstrike                Air            27%        2d(4-20)  1%          4
 Manifold Assault         Tloc           2%         N/A       86%         4
 Dispersal                Tloc           1%         N/A       100%        6
 Disjunction              Tloc           1%         N/A       100%        8


Dungeon Overview and Level Annotations

Branches:
Dungeon (10/15)            Temple (1/1) D:4            Lair (2/5) D:10
    Orc (0/2) D:10         Bailey (visited)
  Swamp: Lair:2-3    Shoals: Lair:2-3     Snake: Lair:2-3    Spider: Lair:2-3

Altars:
Ashenzari
Cheibriados
Elyvilon
Fedhas
Gozag
Hepliaklqana
Kikubaaqudgha
Makhleb
Nemelex Xobeh
Qazlal
Ru
Sif Muna
Trog
Uskayaw
Vehumet
Xom
Yredelemnul
Zin
The Shining One

Shops:
D:1 (   D:4 (

Annotations:
D:2 1 runed translucent door, Crazy Yiuf
D:9 2 transporters, paps's ghost, novice OpSu


Innate Abilities, Weirdness & Mutations

You have a beak for a mouth.
You have claws for feet.
Your magical nature lets you fly swiftly and evasively.


Message History

You block the black mamba's attack.
Your Poison Magic skill increases to level 6!
Okay, then.
As you read the scroll of teleportation, it crumbles to dust.
You feel strangely unstable.
The black mamba bites you but does no damage.
Your surroundings suddenly seem different.
A queen bee, 25 killer bees and a bullfrog come into view.
Found three yak corpses and 3 potions of ambrosia.
The killer bee buzzes angrily.
The queen bee buzzes angrily.
The killer bee buzzes angrily. x14
You block the killer bee's attack. The killer bee misses you.
The killer bee closely misses you. The killer bee misses you.
The killer bee stings you but does no damage.
The killer bee barely misses you. The killer bee completely misses you.
The killer bee barely misses you.
The killer bee moves out of view.
The killer bee buzzes angrily. x2; The bullfrog gives a loud, deep croak!
The killer bee buzzes angrily.
You hear an angry buzzing noise.
You hear a trumpeting!
As you read the scroll of teleportation, it crumbles to dust.
You feel strangely unstable.
You hear a trumpeting!
The killer bee misses you. x3; You block the killer bee's attack.
The killer bee stings you.
* * * LOW HITPOINT WARNING * * *
The killer bee stings you!
* * * LOW HITPOINT WARNING * * *
The killer bee stings you!
* * * LOW HITPOINT WARNING * * *
The killer bee stings you but does no damage.
The killer bee closely misses you. x3; The killer bee misses you.
The killer bee closely misses you. You block the killer bee's attack.
You feel better. The killer bee stings you!
* * * LOW HITPOINT WARNING * * *
The killer bee closely misses you. x4; The killer bee stings you.
* * * LOW HITPOINT WARNING * * *
The killer bee stings you.
* * * LOW HITPOINT WARNING * * *
The killer bee stings you.
You die...

##... ###.
##. ##.. ###
## ##...
#P.######+.P#
#.<..
##...y...y.#
#...#
#...yyyy...##
#+##.
#..y@yyy...#
.
#..yyyy....#
.
#..yyyyy.!#.
.
#...yyFy...#
.
#...yy....#.
..y.†......y
##.....!...+.
#....!....#


You could see a queen bee, a bullfrog and 25 killer bees.

Vanquished Creatures
  A boulder beetle (Lair:1)
  A two-headed ogre (D:6)
  A death yak (Lair:2)
  A fire crab (D:10)
  6 cane toads
  Maggie (D:8)
  4 komodo dragons
  2 hornets
  5 blink frogs (Lair:1)
  Grinder (D:5)
  A shadow (D:9)
  2 wraiths (D:10)
  4 yaks (Lair:1)
  A wyvern (D:7)
  A steam dragon (D:10)
  A basilisk (Lair:2)
  Menkaure (D:7)
  A warg (D:10)
  6 water moccasins
  2 ice beasts (D:7)
  5 orc warriors
  2 black bears
  8 wolves
  3 ogres
  A centaur (D:5)
  3 phantoms
  5 bullfrogs
  8 gnoll sergeants
  4 scorpions
  12 wights
  11 killer bees (D:9)
  3 howler monkeys
  5 hounds
  A jelly (D:4)
  7 gnoll boudas (Bailey)
  2 orc priests
  A sleepcap (D:5)
  5 iguanas
  4 orc wizards
  An ogre zombie (D:5)
  20 gnolls
  3 adders
  A gnoll zombie (D:5)
  A white imp (D:5)
  2 ufetubi
  2 worms (D:2)
  37 orcs
  5 ball pythons
  4 bats
  11 endoplasms
  2 giant cockroaches
  12 goblins
  9 hobgoblins
  4 jackals
  7 kobolds
  4 quokkas
  2 frilled lizards
  6 rats
266 creatures vanquished.

Notes
Turn   | Place    | Note
-------+----------+-------------------------------------------
     0 | D:1      | Essalna the Tengu Air Elementalist began the quest for the
                  | Orb.
     0 | D:1      | Reached XP level 1. HP: 10/10 MP: 4/4
   178 | D:1      | Reached XP level 2. HP: 16/16 MP: 1/6
   527 | D:1      | Reached skill level 1 in Fighting
   996 | D:1      | Reached XP level 3. HP: 20/20 MP: 5/7
  1023 | D:1      | Found Ifriups's Weapon Shop.
  2131 | D:2      | Found a runed translucent door.
  2132 | D:2      | Noticed Crazy Yiuf
  2167 | D:2      | Learned a level 2 spell: Static Discharge
  2943 | D:3      | Reached XP level 4. HP: 26/26 MP: 5/8
  3778 | D:4      | Found Essovom's Weapon Shoppe.
  3807 | D:4      | Reached skill level 1 in Armour
  3807 | D:4      | Reached skill level 5 in Air Magic
  3856 | D:4      | Found a staircase to the Ecumenical Temple.
  3896 | Temple   | Entered the Ecumenical Temple
  3948 | Temple   | Became a worshipper of Vehumet
  4045 | D:4      | Gained mutation: Your magical nature lets you fly swiftly
                  | and evasively. [Tengu growth]
  4045 | D:4      | Reached XP level 5. HP: 30/30 MP: 0/9
  4522 | D:4      | Noticed a phantom
  4528 | D:4      | Noticed an orc warrior
  4697 | D:4      | Killed a phantom
  4698 | D:4      | Reached XP level 6. HP: 13/36 MP: 0/10
  4917 | D:4      | Found a glowing golden altar of the Shining One.
  5231 | D:5      | Entered Level 5 of the Dungeon
  5407 | D:5      | Found a transporter.
  5564 | D:5      | Noticed a black bear
  5582 | D:5      | Killed a black bear
  5583 | D:5      | Reached XP level 7. HP: 41/41 MP: 5/11
  6160 | D:5      | Reached skill level 5 in Conjurations
  6419 | D:5      | Found a transporter.
  6749 | D:6      | Reached XP level 8. HP: 40/48 MP: 1/12
  6846 | D:6      | Noticed Grinder
  6921 | D:5      | Killed Grinder
  6979 | D:6      | Reached skill level 5 in Dodging
  7024 | D:6      | Noticed a two-headed ogre
  7520 | D:6      | Reached * piety under Vehumet
  7520 | D:6      | Offered knowledge of Sandblast by Vehumet.
  7655 | D:6      | Learned a level 5 spell: Freezing Cloud
  7850 | D:6      | Reached XP level 9. HP: 53/53 MP: 6/13
  8201 | D:6      | Reached skill level 5 in Fighting
  8201 | D:6      | Reached skill level 5 in Armour
  8266 | D:6      | Killed a two-headed ogre
  8267 | D:6      | Reached skill level 1 in Ice Magic
  9173 | D:7      | Noticed Menkaure
  9180 | D:7      | Killed Menkaure
  9801 | D:8      | Learned a level 4 spell: Olgreb's Toxic Radiance
  9820 | D:8      | Noticed a hornet
  9853 | D:8      | Found a flagged portal.
  9858 | D:8      | Killed a hornet
  9859 | D:8      | Reached skill level 1 in Poison Magic
  9859 | D:8      | Reached XP level 10. HP: 55/60 MP: 5/14
  9864 | D:8      | Noticed Maggie
  9880 | D:8      | Killed Maggie
  9895 | Bailey   | Entered a bailey
 10060 | Bailey   | Offered knowledge of Momentum Strike by Vehumet.
 10168 | Bailey   | Reached ** piety under Vehumet
 10759 | Bailey   | Identified the amulet of Cheibriados, Wizarding {rElec
                  | Regen+ MP+9 Str+8 Int-3}
 11262 | D:8      | Found a basalt altar of Yredelemnul.
 11442 | D:8      | Found a broken altar of Ashenzari.
 11718 | D:9      | Reached skill level 1 in Shields
 11861 | D:9      | Offered knowledge of Ignite Poison by Vehumet.
 12064 | D:9      | Reached skill level 10 in Air Magic
 12116 | D:9      | Noticed a two-headed ogre
 12116 | D:9      | Noticed a two-headed ogre
 12117 | D:9      | Noticed paps's ghost (novice OpSu)
 12117 | D:9      | Identified the +4 great mace of Extremism {antimagic, *Rage
                  | rElec rPois SInv}
 12117 | D:9      | Noticed a two-headed ogre
 12118 | D:9      | Found a transporter.
 12120 | D:9      | Noticed a two-headed ogre
 12122 | D:9      | Found a transporter.
 12184 | D:9      | Found a stormy altar of Qazlal.
 12310 | D:9      | Found a sparkling altar of Nemelex Xobeh.
 12341 | D:9      | Found a hide-covered altar of Uskayaw.
 13094 | D:10     | Entered Level 10 of the Dungeon
 13213 | D:10     | Found a staircase to the Lair.
 13213 | D:10     | Noticed a fire crab
 13293 | D:10     | Killed a fire crab
 13294 | D:10     | Reached XP level 11. HP: 67/67 MP: 15/15
 13537 | D:10     | Reached *** piety under Vehumet
 13584 | D:10     | Found a staircase to the Orcish Mines.
 13743 | D:10     | Identified the +0 pair of boots of Fiet {rF+ MP+9}
 14140 | Lair:1   | Entered Level 1 of the Lair of Beasts
 14296 | Lair:1   | Identified the +7 war axe "Bingo" {flame, Str+5 Stlth+}
 14452 | Lair:1   | Noticed a boulder beetle
 14464 | Lair:1   | Reached skill level 10 in Conjurations
 14476 | Lair:1   | Killed a boulder beetle
 14477 | Lair:1   | Reached skill level 5 in Ice Magic
 14771 | Lair:1   | Offered knowledge of Sticky Flame by Vehumet.
 14938 | Lair:1   | Reached skill level 5 in Poison Magic
 15842 | Lair:2   | Reached XP level 12. HP: 75/75 MP: 16/16
 16205 | Lair:2   | Noticed a death yak
 16206 | Lair:2   | Noticed a death yak
 16206 | Lair:2   | Noticed a death yak
 16206 | Lair:2   | Noticed a death yak
 16223 | Lair:2   | Killed a death yak
 16229 | Lair:2   | HP: 1/75 [killer bee (3)]
 16229 | Lair:2   | Slain by a killer bee

Illustrated notes

Levels and vault maps discovered:
D:1:      minmay_arrival_five_plusses, layout_basic, serial_shops,
          nicolae_shop_tiny_statue_garden, kennysheep_decorative_pillar,
          minmay_pentomino_v4
D:2:      layout_loops_corners, serial_bayou_lagoon_a, uniq_crazy_yiuf_cottage
D:3:      layout_basic
D:4:      layout_basic, kennysheep_mini, minmay_temple_entry_antechambers,
          serial_shops, shop, minmay_misc_feat_encased
D:5:      gammafunk_cloud_chamber, layout_basic, minmay_misc_feat_x
D:6:      layout_layer_cave, uniq_grinder
D:7:      layout_cave_pods, uniq_menkaure
D:8:      layout_rooms, yredelemnul_altar_generic, cheibrodos_ashenzari_chains,
          enter_bailey_4, uniq_maggie
D:9:      layout_basic, nicolae_qazlal_scattered_showers,
          nemelex_diamond_rough_becter, lemuel_doored_altar,
          gammafunk_ghost_smash
D:10:     layout_roguey, minmay_lair_entry_lava, erik_orc_3
Temple:   compressed_dpeg_triangle_lava_temple
Lair:1:   layout_cave_pods
Lair:2:   layout_roguey [special_room_bee], wad_woods_road_05,
          serial_bayou_shore_a, grunt_megastairs_5

Skill      XL: |  1  2  3  4  5  6  7  8  9 10 11 12 |
---------------+-------------------------------------+-----
Conjurations   | 2 3 4 5 6 8 9 10 11 | 11.3
Fighting       | 1 2 3 4 5 7 8 |  8.6
Armour         | 1 2 3 4 6 |  6.0
Air Magic      | 5 6 7 8 10 11 | 11.9
Dodging        | 3 4 5 6 7 |  7.0
Ice Magic      | 2 4 5 |  5.0
Poison Magic   | 1 3 5 6 |  6.1
Shields        | 2 4 |  4.0
Stealth        | |  2.0
Spellcasting   | |  2.0

Action                     |  1- 3 |  4- 6 |  7- 9 | 10-12 || total
---------------------------+-------+-------+-------+-------++-------
  Melee: Unarmed           |    37 |    20 |    11 |       ||    68
         Kick              |     9 |     6 |     2 |     6 ||    23
         Peck              |     5 |     4 |     3 |     3 ||    15
         Punch             |     2 |       |       |       ||     2
         War axe           |       |       |       |    12 ||    12
   Cast: Shock             |    84 |    92 |   205 |   383 ||   764
         Static Discharge  |       |     6 |    22 |   116 ||   144
         Freezing Cloud    |       |       |       |     2 ||     2
         Olgreb's Toxic Ra |       |       |       |    14 ||    14
  Evoke: Wand              |       |       |     3 |     2 ||     5
    Use: Potion            |     1 |       |       |     4 ||     5
         Scroll            |     5 |     8 |     2 |     5 ||    20
 Armour: Robe              |    10 |       |       |       ||    10
         Leather armour    |       |    18 |    18 |    36 ||    72
  Dodge: Dodged            |    29 |    38 |    44 |   199 ||   310
  Block: Other             |       |       |       |    15 ||    15
         Buckler           |       |       |       |    34 ||    34

Table legend: (Time is in decaauts)
 A = Elapsed time spent in this place.
 B = Non-inter-level travel time spent in this place.
 C = Inter-level travel time spent in this place.
 D = Time resting spent in this place.
 E = Time spent auto-exploring this place.
 F = Levels seen in this place.
 G = Mean time per level.
                   A        B        C        D        E       F      G
               +--------+--------+--------+--------+--------+-----+--------+
         Total |  15620 |  14916 |    704 |    236 |  12572 |  14 | 1115.7 |
       Dungeon |  12309 |  11657 |    652 |    236 |  10046 |  10 | 1230.9 |
        Temple |     65 |     53 |     12 |      0 |     37 |   1 |   65.0 |
          Lair |   1993 |   1953 |     40 |      0 |   1644 |   2 |  996.5 |
        Bailey |   1251 |   1251 |      0 |      0 |    844 |   1 | 1251.0 |
               +--------+--------+--------+--------+--------+-----+--------+

Top non-repeatable levels by time:
     D:5: 1740 daAuts
  Lair:1: 1564 daAuts
     D:6: 1500 daAuts
     D:2: 1474 daAuts
     D:4: 1400 daAuts
     D:1: 1285 daAuts
  Bailey: 1251 daAuts
     D:7: 1124 daAuts
     D:9: 1119 daAuts
     D:3: 994 daAuts
    D:10: 994 daAuts
     D:8: 674 daAuts
  Lair:2: 428 daAuts
  Temple: 65 daAuts
